 Dungeon Crawl Stone Soup version 0.19-a0-465-g1d1674b (webtiles) character file.

50 Skanax the Grave Robber (level 3, 0/24 HPs)
             Began as a Demonspawn Necromancer on June 3, 2016.
             Slain by a gnoll (3 damage)
             ... on level 2 of the Dungeon.
             The game lasted 00:08:24 (1943 turns).

Skanax the Grave Robber (Demonspawn Necromancer)    Turns: 1943, Time: 00:08:25

Health: 0/24       AC:  6    Str:  8    XL:     3   Next: 55%
Magic:  0/7        EV: 12    Int: 17    God:
Gold:   120        SH:  0    Dex: 13    Spells: 3 memorised, 3 levels left

rFire  . . .     SeeInvis .     e - +2 dagger
rCold  . . .     Gourm    .     a - +0 robe
rNeg   . . .     Faith    .     (no shield)
rPois  .         Spirit   .     q - +1 hat
rElec  .         Dismiss  .     n - +1 cloak
rCorr  .         Reflect  .     l - +0 pair of gloves
SustAt .         Harm     .     (no boots)
MR     .....                    (no amulet)
Stlth  ++........               (no ring)
                                (no ring)

@: regenerating, not resistant to hostile enchantments, unstealthy
A: powered by pain 2
a: no special abilities


You were on level 2 of the Dungeon.
You were not hungry.

You visited 1 branch of the dungeon, and saw 3 of its levels.

You collected 120 gold pieces.

Inventory:

Hand Weapons
 e - a +2 dagger (weapon)
Missiles
 d - 173 stones (quivered)
 g - 8 curare-tipped needles
 j - 23 sling bullets
 k - 27 bolts
Armour
 a - a +0 robe (worn)
 h - a +0 helmet
 l - a +0 pair of gloves (worn)
 n - a +1 cloak (worn)
 q - a +1 hat (worn)
Scrolls
 m - a scroll of identify
 p - a scroll of teleportation
Books
 b - a book of Necromancy

   Spells                             Type                      Level
   a - Pain                           Necromancy                   1
   b - Animate Skeleton               Necromancy                   1
   c - Vampiric Draining              Necromancy                   3
   d - Regeneration                   Charms/Necromancy            3
   e - Animate Dead                   Necromancy                   4
   f - Control Undead                 Necromancy                   4
Comestibles
 c - 4 fruits
 f - a meat ration
 i - a slice of pizza


   Skills:
 + Level 2.2 Dodging
 - Level 1.7 Stealth
 * Level 3.0 Spellcasting
 + Level 4.7 Necromancy


You had 3 spell levels left.
You knew the following spells:

 Your Spells              Type           Power        Failure   Level  Hunger
a - Pain                  Necr           ###.         2%          1    None
b - Animate Skeleton      Necr           N/A          2%          1    None
c - Regeneration          Chrm/Necr      ##........   21%         3    ###....


Dungeon Overview and Level Annotations

Branches:
Dungeon (3/15)

Altars:
Fedhas


Innate Abilities, Weirdness & Mutations

You sometimes gain power by taking damage.


Message History

The gnoll convulses in agony!
You kill the gnoll!
The gnoll closely misses you.
There is a stone staircase leading up here.
You can't go down here!
The gnoll hits you.
You climb upwards.
There is a stone staircase leading down here.
You aren't carrying any potions.
Casting: Pain
Confirm with . or Enter, or press ? or * to list all spells.
Aiming: Pain
Press: ? - help, Shift-Dir - straight line, f - gnoll
Aim: a gnoll (chance to defeat MR: 84%)
The gnoll convulses in agony!
The gnoll hits you.
* * * LOW HITPOINT WARNING * * *
Casting: Pain
Confirm with . or Enter, or press ? or * to list all spells.
Your skin crawls.
The gnoll hits you.
You die...

#############
#.@.........## ##
#g######.###.#####.
#.#####..# #.......
#.#......###>#####.
#>#.#####.[.## #.
#.#.# ##.## #.
#.#.# ##.## #<
#.#.#####...### ##
#.#.##........#####


You could see a gnoll.

Vanquished Creatures
  A gnoll (D:3)
  A dart slug (D:1)
  A worm (D:2)
  An orc (D:3)
  A giant cockroach (D:1)
  5 goblins
  4 hobgoblins
  8 kobolds
  4 bats (D:1)
  A giant newt (D:1)
  11 rats
38 creatures vanquished.

Notes
Turn   | Place    | Note
--------------------------------------------------------------
     0 | D:1      | Skanax the Demonspawn Necromancer began the quest for the Orb.
     0 | D:1      | Reached XP level 1. HP: 13/13 MP: 3/3
    27 | D:1      | Learned a level 1 spell: Animate Skeleton
   221 | D:1      | Gained mutation: You sometimes gain a little power by taking damage. [demonic ancestry]
   221 | D:1      | Reached XP level 2. HP: 14/19 MP: 1/5
  1001 | D:2      | Gained mutation: You sometimes gain power by taking damage. [demonic ancestry]
  1001 | D:2      | Reached XP level 3. HP: 22/24 MP: 0/7
  1321 | D:2      | Learned a level 3 spell: Regeneration
  1321 | D:2      | You fall through a shaft!
  1363 | D:3      | Found a blossoming altar of Fedhas.
  1938 | D:2      | HP: 1/24 [gnoll (6)]
  1943 | D:2      | Slain by a gnoll

Vault maps used:
D:1:      erik_arrival_blinker_ship
D:3:      old_standard_altar

Skill      XL: |  1  2  3 |
---------------+----------+-----
Dodging        | 2 |  2.2
Spellcasting   | 3 |  3.0
Stealth        | |  1.7
Necromancy     | |  4.7

Action                   || total
-------------------------++-------
Melee: Dagger            ||     5
 Cast: Pain              ||    62
       Animate Skeleton  ||    11
       Regeneration      ||     1
  Use: Scroll            ||     6
       Potion            ||     1
  Eat: Chunk             ||     2
       Bread ration      ||     1
Armor: Robe              ||     4
Dodge: Dodged            ||    12
